 Dungeon Crawl Stone Soup version 0.29.1-15-g9cfb28693d (webtiles) character file.

Game seed: 17343822171317675203

620 jziggy the Insei (level 7, -18/53 HPs)
             Began as a Gnoll Transmuter on May 2, 2023.
             Demolished by a shadow (28 damage)
             ... on level 5 of the Dungeon.
             The game lasted 00:05:46 (3780 turns).

jziggy the Insei (Gnoll Transmuter)                 Turns: 3780, Time: 00:05:47

Health: -18/53     AC:  2    Str: 12    XL:     7   Next: 46%
Magic:  22/24      EV: 22    Int: 12    God:
Gold:   340        SH:  0    Dex: 17    Spells: 13/17 levels left

rFire   . . .      SeeInvis .     - Unarmed
rCold   . . .      Faith    .   (shield currently unavailable)
rNeg    . . .      Spirit   .   (body armour currently unavailable)
rPois   x          Reflect  .   (helmet currently unavailable)
rElec   .          Harm     .   (cloak currently unavailable)
rCorr   .          Rampage  .   (gloves currently unavailable)
Will    .....                   (boots currently unavailable)
Stlth   ++........              (no amulet)
HPRegen 0.17/turn               g - ring of magical power
MPRegen 0.19/turn               (no ring)

@: spider-form (expiring)
A: venomous fangs, tiny, (fangs 1), strong nose, distributed training
a: End Transformation


You were on level 5 of the Dungeon.
You were a venomous arachnid creature.
You visited 1 branch of the dungeon, and saw 5 of its levels.

You collected 340 gold pieces.

Inventory:

Hand Weapons
 c - a +0 sling
Armour
 a - a +0 robe
 q - the +1 robe "Xilaucw" (melded) {Str+4 Dex+4 SInv}
   (You found it on level 3 of the Dungeon)

   Str:       It affects your strength (+4).
   Dex:       It affects your dexterity (+4).
   SInv:      It lets you see invisible.
Jewellery
 g - a ring of magical power (left front leg)
Wands
 o - a wand of mindburst (3)
 u - a wand of light (8)
Scrolls
 e - 5 scrolls of identify {unknown}
 h - a scroll of summoning {unknown}
 n - a scroll of blinking {unknown}
 p - a scroll of teleportation {unknown}
 r - a scroll of noise {unknown}
 s - a scroll of fear {unknown}
Potions
 b - 3 potions of lignification
 d - a potion of haste {unknown}
 f - a potion of invisibility
 i - a potion of mutation {unknown}
 j - a potion of resistance {unknown}
 k - a potion of magic {unknown}
 l - 2 potions of degeneration {unknown}
 m - 2 potions of curing {unknown}
 t - a potion of heal wounds {unknown}


   Skills:
 + Level 3.7 Fighting
 + Level 2.6 Short Blades
 + Level 2.6 Long Blades
 + Level 2.6 Axes
 + Level 2.6 Maces & Flails
 + Level 2.6 Polearms
 + Level 2.6 Staves
 + Level 2.6 Ranged Weapons
 + Level 2.6 Throwing
 + Level 2.6 Armour
 + Level 5.3 Dodging
 + Level 2.6 Stealth
 + Level 2.6 Shields
 + Level 7.1 Unarmed Combat
 + Level 5.7 Spellcasting
 + Level 2.1 Conjurations
 + Level 2.1 Hexes
 + Level 2.1 Summonings
 + Level 2.1 Necromancy
 + Level 2.1 Translocations
 + Level 4.4 Transmutations
 + Level 2.1 Fire Magic
 + Level 2.1 Ice Magic
 + Level 2.1 Air Magic
 + Level 2.1 Earth Magic
 + Level 2.1 Poison Magic
 + Level 2.9 Invocations
 + Level 2.6 Evocations


You had 13 spell levels left.
You knew the following spells:

 Your Spells              Type           Power      Damage    Failure   Level
a - Beastly Appendage     Tmut           26%        N/A       11%         1
b - Spider Form           Tmut/Pois      11%        N/A       32%         3

Your spell library contained the following spells:

 Spells                   Type           Power      Damage    Failure   Level
 Wereblood                Tmut           13%        N/A       14%         2
 Inner Flame              Hex/Fire       8%         N/A       45%         3
 Ice Form                 Ice/Tmut       11%        N/A       65%         4
 Animate Dead             Necr           8%         N/A       80%         4
 Cause Fear               Hex            4%         N/A       80%         4
 Borgnjor's Vile Clutch   Necr/Erth      4%         N/A       98%         5
 Death Channel            Necr           4%         N/A       100%        6
 Discord                  Hex            4%         N/A       100%        8


Dungeon Overview and Level Annotations

Branches:
Dungeon (5/15)
 Temple: D:4-7

Altars:
Elyvilon
Kikubaaqudgha
Okawaru
Xom


Innate Abilities, Weirdness & Mutations

You are a venomous arachnid creature.
You have poisonous fangs.
You are tiny and dextrous.
Your spellcasting is less reliable in this form.
Your armour is entirely melded.
You are incapable of wielding weapons or throwing items.
((You have very sharp teeth.))
Your uncanny sense of smell can sniff out nearby items.
Your experience applies equally to all skills.


Message History

The troll is severely wounded.
The troll misses you. x2; The troll barely misses you.
The shadow slips into darkness.
The shadow flickers and vanishes!
Deactivating autopickup; reactivate with Ctrl-A.
You hit the troll.
The troll looks as sick as possible!
The troll is severely wounded.
The troll completely misses you. The troll claws you but does no damage.
The troll closely misses you.
You hit the troll.
The troll looks as sick as possible!
The troll is severely wounded.
You hit the troll but do no damage.
The troll looks as sick as possible!
The troll is almost dead.
The troll closely misses you. The troll completely misses you.
The troll claws you.
You hit the troll.
The troll looks as sick as possible!
The troll is almost dead.
The troll bites you. The troll claws you. The troll claws you!
* * * LOW HITPOINT WARNING * * *
The troll attacks as you move away! The troll bites you but does no damage.
The troll completely misses you. x2
Your transformation is almost over.
You bite the troll!
You kill the troll!
Your Unarmed Combat skill increases to level 7!
Your Conjurations skill increases to level 2!
Your Hexes skill increases to level 2!
Your Summonings skill increases to level 2!
Your Necromancy skill increases to level 2!
Your Translocations skill increases to level 2!
Your Fire Magic skill increases to level 2!
Your Ice Magic skill increases to level 2!
Your Air Magic skill increases to level 2!
Your Earth Magic skill increases to level 2!
Your Poison Magic skill increases to level 2!
You have reached level 7!
You hit something but do no damage.
The shadow strikes at you from the darkness!
Ouch! That really hurt!
You die...

## .##............ #.
..# ######.#### #.
###.# #####.#### #.
##.#.# #........# #.
∆##.#..# #......... #{
#.###.####.........
#.####.#..#.##.........
#...#{###.#.##.........
##?#.#s#..#............
########.#...####+##..
#...#.# ##.. #####.#
#... #.. #.## ...#
..... .#.. ..#.## #
#....


There were no monsters in sight!

Vanquished Creatures
  A troll (D:5)
  Sigmund (D:4)
  A vampire bat (D:4)
  An orc priest (D:4)
  An iguana (D:5)
  An orc wizard (D:4)
  3 gnolls (D:5)
  2 adders
  2 dart slugs
  3 orcs (D:4)
  4 ball pythons
  3 bats
  3 bat skeletons (D:4)
  3 bat zombies (D:4)
  6 endoplasms
  4 giant cockroaches
  11 goblins
  2 hobgoblins
  2 quokkas (D:1)
  4 frilled lizards
  4 kobolds
  5 rats
67 creatures vanquished.

Notes
Turn   | Place    | Note
-------+----------+-------------------------------------------
     0 | D:1      | jziggy the Gnoll Transmuter began the quest for the Orb.
     0 | D:1      | Reached XP level 1. HP: 17/17 MP: 6/6
   214 | D:1      | Found a faded altar of an unknown god.
   223 | D:1      | Reached XP level 2. HP: 20/23 MP: 5/7
  1033 | D:2      | Reached skill level 5 in Spellcasting
  1033 | D:2      | Reached XP level 3. HP: 18/28 MP: 9/9
  1254 | D:1      | Learned a level 3 spell: Spider Form
  1349 | D:2      | Reached skill level 1 in Invocations
  1747 | D:2      | Reached skill level 1 in Short Blades
  1747 | D:2      | Reached skill level 1 in Long Blades
  1747 | D:2      | Reached skill level 1 in Axes
  1747 | D:2      | Reached skill level 1 in Maces & Flails
  1747 | D:2      | Reached skill level 1 in Polearms
  1747 | D:2      | Reached skill level 1 in Staves
  1747 | D:2      | Reached skill level 1 in Ranged Weapons
  1747 | D:2      | Reached skill level 1 in Throwing
  1747 | D:2      | Reached skill level 1 in Armour
  1747 | D:2      | Reached skill level 1 in Stealth
  1747 | D:2      | Reached skill level 1 in Shields
  1747 | D:2      | Reached skill level 1 in Evocations
  2150 | D:3      | Identified the +1 robe "Xilaucw" {Str+4 Dex+4 SInv}
  2274 | D:3      | Reached XP level 4. HP: 34/34 MP: 11/11
  2577 | D:4      | Found an ancient bone altar of Kikubaaqudgha.
  2580 | D:4      | Reached skill level 1 in Conjurations
  2580 | D:4      | Reached skill level 1 in Hexes
  2580 | D:4      | Reached skill level 1 in Summonings
  2580 | D:4      | Reached skill level 1 in Necromancy
  2580 | D:4      | Reached skill level 1 in Translocations
  2580 | D:4      | Reached skill level 1 in Fire Magic
  2580 | D:4      | Reached skill level 1 in Ice Magic
  2580 | D:4      | Reached skill level 1 in Air Magic
  2580 | D:4      | Reached skill level 1 in Earth Magic
  2580 | D:4      | Reached skill level 1 in Poison Magic
  2782 | D:4      | Found a shimmering altar of Xom.
  3089 | D:4      | Reached XP level 5. HP: 40/40 MP: 12/12
  3125 | D:4      | Found a white marble altar of Elyvilon.
  3135 | D:4      | Noticed Sigmund
  3143 | D:4      | Killed Sigmund
  3144 | D:4      | Reached skill level 5 in Dodging
  3144 | D:4      | Reached XP level 6. HP: 47/47 MP: 14/14
  3461 | D:4      | Found an iron altar of Okawaru.
  3634 | D:5      | Entered Level 5 of the Dungeon
  3762 | D:5      | Noticed a troll
  3767 | D:5      | Noticed a shadow
  3779 | D:5      | Killed a troll
  3780 | D:5      | Reached skill level 7 in Unarmed Combat
  3780 | D:5      | Reached XP level 7. HP: 10/53 MP: 15/15
  3780 | D:5      | Demolished by a shadow

Illustrated notes

Levels and vault maps discovered:
D:1:      dpeg_arrival_long_road, layout_rooms, basic_ecumenical_altar,
          serial_corexii_hall, corexii_hall_statues_s,
          chequers_hall_statues_wall_a, corexii_hall_statues_deadend,
          corexii_hall_statues_s, chequers_hall_statues_wall_a,
          corexii_hall_statues_t, minmay_misc_feat_plants
D:2:      layout_rooms
D:3:      layout_rooms
D:4:      layout_cave_pods, okawaru_trees_1, nicolae_overflow_crystal_walls,
          mainiacjoe_overflow_alcove_1, kennysheep_vampire_church, uniq_sigmund
D:5:      layout_basic, nicolae_overflow_hidden_temple,
          mainiacjoe_overflow_catwalk_spiral, minmay_small_thing

Skill      XL: |  1  2  3  4  5  6 |
---------------+-------------------+-----
Spellcasting   | 5 |  5.7
Invocations    | 1 2 |  2.9
Short Blades   | 1 2 |  2.6
Long Blades    | 1 2 |  2.6
Axes           | 1 2 |  2.6
Maces & Flails | 1 2 |  2.6
Polearms       | 1 2 |  2.6
Staves         | 1 2 |  2.6
Ranged Weapons | 1 2 |  2.6
Throwing       | 1 2 |  2.6
Armour         | 1 2 |  2.6
Stealth        | 1 2 |  2.6
Shields        | 1 2 |  2.6
Evocations     | 1 2 |  2.6
Conjurations   | 1 2 |  2.1
Hexes          | 1 2 |  2.1
Summonings     | 1 2 |  2.1
Necromancy     | 1 2 |  2.1
Translocations | 1 2 |  2.1
Fire Magic     | 1 2 |  2.1
Ice Magic      | 1 2 |  2.1
Air Magic      | 1 2 |  2.1
Earth Magic    | 1 2 |  2.1
Poison Magic   | 1 2 |  2.1
Fighting       | 3 |  3.7
Dodging        | 5 |  5.3
Transmutations | 4 |  4.4
Unarmed Combat | 7 |  7.1

Action                   |  1- 3 |  4- 6 |  7- 9 || total
-------------------------+-------+-------+-------++-------
Melee: Unarmed           |    75 |    72 |     1 ||   148
       Kick              |     4 |       |       ||     4
       Bite              |     1 |     1 |       ||     2
       Headbutt          |     1 |       |       ||     1
       Punch             |     2 |       |       ||     2
 Fire: Sling             |    30 |       |       ||    30
 Cast: Beastly Appendage |     7 |       |       ||     7
       Spider Form       |     9 |    15 |       ||    24
  Use: Potion            |     1 |       |       ||     1
 Stab: Sleeping          |     3 |     2 |       ||     5
Armor: Robe              |    12 |    10 |       ||    22
       Skin              |     2 |    10 |       ||    12
Dodge: Dodged            |    62 |   113 |       ||   175
